TOP OF THE 1ST |
Cleveland (WIN) Indians batting - Pitching for Los Angeles (WIN) Angels : RHP Eddie Garabito
|
Pitching: RHP Eddie Garabito
|
|
Batting: LHB John Harring
|
0-0: Called Strike 0-1: Ball 1-1: Ball 2-1: SINGLE (Line Drive, 3D, EV 104.4 MPH)
|
Batting: LHB Corey Trevor
|
0-0: Called Strike 0-1: Ball 1-1: Foul Ball, location: 2F 1-2: Ball 2-2: Fly out, F9 (Line Drive, 9S, EV 95.0 MPH)
|
Batting: RHB Christian Blue
|
0-0: Called Strike John Harring is caught stealing 2nd base 2-4 0-1: Ball 1-1: Called Strike 1-2: Strikes out swinging
|
Top of the 1st over - 0 runs, 1 hit, 0 errors, 0 left on base; Cleveland (WIN) 0 - Los Angeles (WIN) 0 |
BOTTOM OF THE 1ST |
Los Angeles (WIN) Angels batting - Pitching for Cleveland (WIN) Indians : RHP Drew Rickelman
|
Pitching: RHP Drew Rickelman
|
|
Batting: RHB Nick Lombardo
|
0-0: Ball 1-0: Swinging Strike 1-1: Ball 2-1: Fly out, F8 (Flyball, 8RS, EV 88.1 MPH)
|
Batting: LHB Dave Hicks
|
0-0: Reached on error, E4 (Groundball, 34, EV 102.5 MPH)
|
Batting: LHB Mutsuo IIda
|
0-0: Called Strike 0-1: Ball 1-1: Called Strike 1-2: Foul Ball, location: 2F 1-2: Fly out, F8 (Flyball, 8RD, EV 80.6 MPH)
|
Batting: SHB Danny Gelinas
|
0-0: Ball Dave Hicks steals 2nd base 1-0: Ball 2-0: Foul Ball, location: 2F 2-1: Ground out 4-3 (Groundball, 4, EV 88.8 MPH)
|
Bottom of the 1st over - 0 runs, 0 hits, 1 error, 1 left on base; Cleveland (WIN) 0 - Los Angeles (WIN) 0 |
TOP OF THE 2ND |
Cleveland (WIN) Indians batting - Pitching for Los Angeles (WIN) Angels : RHP Eddie Garabito
|
Batting: LHB Esteban Cordova
|
0-0: Ball 1-0: Foul Ball, location: 2F 1-1: Ball 2-1: Ball 3-1: Fly out, F9 (Flyball, 89D, EV 94.4 MPH)
|
Batting: RHB Adam McMillen
|
0-0: Called Strike 0-1: Called Strike 0-2: Strikes out swinging
|
Batting: RHB Rick O'Reilly
|
0-0: Called Strike 0-1: Ball 1-1: Foul Ball, location: 2F 1-2: Foul Ball, location: 2F 1-2: Foul Ball, location: 2F 1-2: Ball 2-2: Foul Ball, location: 2F 2-2: Strikes out swinging
|
Top of the 2nd over - 0 runs, 0 hits, 0 errors, 0 left on base; Cleveland (WIN) 0 - Los Angeles (WIN) 0 |
BOTTOM OF THE 2ND |
Los Angeles (WIN) Angels batting - Pitching for Cleveland (WIN) Indians : RHP Drew Rickelman
|
Batting: RHB Kyler Seitz
|
0-0: Ball 1-0: SINGLE (Line Drive, 7S, EV 96.9 MPH)
|
Batting: LHB Spencer Palmer
|
0-0: Fly out, F6 (Popup, 6M, EV 51.9 MPH)
|
Batting: LHB Barrfhionn O'Toole
|
0-0: Foul Ball, location: 2F 0-1: Foul Ball, location: 2F 0-2: Ball 1-2: Foul Ball, location: 2F 1-2: Fielders Choice at 2nd, 1-6 (Groundball, 13S, EV 65.6 MPH)
|
Batting: SHB Tim Connell
|
0-0: Ground out 4-3 (Groundball, 4, EV 83.8 MPH)
|
Bottom of the 2nd over - 0 runs, 1 hit, 0 errors, 1 left on base; Cleveland (WIN) 0 - Los Angeles (WIN) 0 |
TOP OF THE 3RD |
Cleveland (WIN) Indians batting - Pitching for Los Angeles (WIN) Angels : RHP Eddie Garabito
|
Batting: RHB Mitch Boyd
|
0-0: Ground out 6-3 (Groundball, 56, EV 102.5 MPH)
|
Batting: RHB George Wagner
|
0-0: Ball 1-0: Ball 2-0: Ball 3-0: Called Strike 3-1: Swinging Strike 3-2: SINGLE (Groundball, 3D, EV 101.2 MPH)
|
Batting: RHB Terry Baginski
|
0-0: Ball George Wagner steals 2nd base (no throw) 1-0: Foul Ball, location: 2F 1-1: Swinging Strike 1-2: Ground out 6-3 (Groundball, 6, EV 83.8 MPH) George Wagner to third
|
Batting: LHB John Harring
|
0-0: Called Strike 0-1: Called Strike 0-2: Foul Ball, location: 2F 0-2: Ball 1-2: Foul Ball, location: 2F 1-2: Foul Ball, location: 2F 1-2: Foul Ball, location: 2F 1-2: Foul Ball, location: 2F 1-2: Ball 2-2: Strikes out looking
|
Top of the 3rd over - 0 runs, 1 hit, 0 errors, 1 left on base; Cleveland (WIN) 0 - Los Angeles (WIN) 0 |
BOTTOM OF THE 3RD |
Los Angeles (WIN) Angels batting - Pitching for Cleveland (WIN) Indians : RHP Drew Rickelman
|
Batting: LHB Larry Prey
|
0-0: Ball 1-0: Ball 2-0: Ball 3-0: Base on Balls
|
Batting: RHB Nick Lombardo
|
0-0: Foul Ball, location: 2F 0-1: Swinging Strike 0-2: Ball 1-2: Fly out, F9 (Flyball, 9D, EV 106.2 MPH)
|
Batting: LHB Dave Hicks
|
0-0: Ball 1-0: Fly out, F5 (Line Drive, 56, EV 76.2 MPH)
|
Batting: LHB Mutsuo IIda
|
0-0: Ball 1-0: Ball 2-0: Foul Ball, location: 2F 2-1: Called Strike 2-2: Ball 3-2: Strikes out swinging
|
Bottom of the 3rd over - 0 runs, 0 hits, 0 errors, 1 left on base; Cleveland (WIN) 0 - Los Angeles (WIN) 0 |
TOP OF THE 4TH |
Cleveland (WIN) Indians batting - Pitching for Los Angeles (WIN) Angels : RHP Eddie Garabito
|
Batting: LHB Corey Trevor
|
0-0: Ball 1-0: Ball 2-0: Called Strike 2-1: Ground out 4-3 (Groundball, 4, EV 84.4 MPH)
|
Batting: RHB Christian Blue
|
0-0: Ball 1-0: Foul Ball, location: 2F 1-1: Ball 2-1: Ball 3-1: Foul Ball, location: 2F 3-2: Foul Ball, location: 2F 3-2: Fly out, F3 (Line Drive, 3, EV 68.8 MPH)
|
Batting: LHB Esteban Cordova
|
0-0: Ball 1-0: Ball 2-0: Ball 3-0: Base on Balls
|
Batting: RHB Adam McMillen
|
0-0: Called Strike 0-1: Swinging Strike 0-2: Foul Ball, location: 2F 0-2: Strikes out swinging
|
Top of the 4th over - 0 runs, 0 hits, 0 errors, 1 left on base; Cleveland (WIN) 0 - Los Angeles (WIN) 0 |
BOTTOM OF THE 4TH |
Los Angeles (WIN) Angels batting - Pitching for Cleveland (WIN) Indians : RHP Drew Rickelman
|
Batting: SHB Danny Gelinas
|
0-0: Ball 1-0: Swinging Strike 1-1: Ground out 3-1 (Groundball, 13, EV 86.2 MPH)
|
Pitching: RHP Jim Averette
|
|
Batting: RHB Kyler Seitz
|
0-0: Ball 1-0: Called Strike 1-1: Swinging Strike 1-2: Strikes out swinging, 2-3 out at first.
|
Batting: LHB Spencer Palmer
|
0-0: SINGLE (Line Drive, 78S, EV 88.8 MPH)
|
Batting: LHB Barrfhionn O'Toole
|
Pickoff Throw to First - Out! 1-3
|
Bottom of the 4th over - 0 runs, 1 hit, 0 errors, 0 left on base; Cleveland (WIN) 0 - Los Angeles (WIN) 0 |
TOP OF THE 5TH |
Cleveland (WIN) Indians batting - Pitching for Los Angeles (WIN) Angels : RHP Eddie Garabito
|
Batting: RHB Rick O'Reilly
|
0-0: Called Strike 0-1: Foul Ball, location: 2F 0-2: Ball 1-2: Foul Ball, location: 2F 1-2: SINGLE (Line Drive, 8LS, EV 104.4 MPH)
|
Batting: RHB Mitch Boyd
|
0-0: Foul Ball, location: 2F 0-1: Ball 1-1: Ball 2-1: Ball 3-1: Base on Balls Rick O'Reilly to second
|
Batting: RHB George Wagner
|
0-0: Called Strike 0-1: Fielders Choice at 2nd, 1-6 (Groundball, 34S, EV 73.8 MPH) Rick O'Reilly to third
|
Batting: RHB Terry Baginski
|
0-0: Swinging Strike 0-1: Foul Ball, location: 2F 0-2: Fly out, F7 (Flyball, 78M, EV 95.0 MPH) Runner from 3rd tags up, SCORES, throw by LF
|
Batting: LHB John Harring
|
0-0: Ball George Wagner steals 2nd base (no throw) 1-0: Fly out, F6 (Popup, 6S, EV 61.2 MPH)
|
Top of the 5th over - 1 run, 1 hit, 0 errors, 1 left on base; Cleveland (WIN) 1 - Los Angeles (WIN) 0 |
BOTTOM OF THE 5TH |
Los Angeles (WIN) Angels batting - Pitching for Cleveland (WIN) Indians : RHP Jim Averette
|
Batting: LHB Barrfhionn O'Toole
|
0-0: Ball 1-0: Ball 2-0: Ball 3-0: Base on Balls
|
Batting: SHB Tim Connell
|
0-0: Ball 1-0: Foul Ball, location: 2F 1-1: Foul Ball, location: 2F 1-2: Strikes out swinging
|
Batting: LHB Larry Prey
|
0-0: Called Strike 0-1: Ball 1-1: Foul Ball, location: 2F 1-2: Strikes out swinging
|
Pitching: LHP Heath Ryland
|
|
Batting: RHB Nick Lombardo
|
0-0: Ball 1-0: Swinging Strike 1-1: Foul Ball, location: 2F 1-2: Ball 2-2: Foul Ball, location: 2F 2-2: Foul Ball, location: 2F 2-2: Strikes out swinging
|
Bottom of the 5th over - 0 runs, 0 hits, 0 errors, 1 left on base; Cleveland (WIN) 1 - Los Angeles (WIN) 0 |
TOP OF THE 6TH |
Cleveland (WIN) Indians batting - Pitching for Los Angeles (WIN) Angels : RHP Eddie Garabito
|
Batting: LHB Corey Trevor
|
0-0: Called Strike 0-1: Swinging Strike 0-2: Foul Ball, location: 2F 0-2: Ball 1-2: Ball 2-2: Strikes out swinging
|
Pitching: RHP Tim Mumpower
|
|
Batting: RHB Christian Blue
|
0-0: Ball 1-0: Fly out, F8 (Flyball, 8LD, EV 75.6 MPH)
|
Batting: LHB Esteban Cordova
|
0-0: Ball 1-0: Foul Ball, location: 2F 1-1: Swinging Strike 1-2: Fly out, F5 (Popup, 5SF, EV 79.4 MPH)
|
Top of the 6th over - 0 runs, 0 hits, 0 errors, 0 left on base; Cleveland (WIN) 1 - Los Angeles (WIN) 0 |
BOTTOM OF THE 6TH |
Los Angeles (WIN) Angels batting - Pitching for Cleveland (WIN) Indians : LHP Heath Ryland
|
Batting: LHB Dave Hicks
|
0-0: Called Strike 0-1: Ball 1-1: Ball 2-1: Ball 3-1: SINGLE (Flyball, 6D, EV 89.4 MPH)
|
Batting: LHB Mutsuo IIda
|
0-0: Foul Ball, location: 2F 0-1: Fly out, F9 (Flyball, 9D, EV 92.5 MPH)
|
Batting: SHB Danny Gelinas
|
0-0: Foul Ball, location: 2F 0-1: Called Strike 0-2: Hit by Pitch Dave Hicks to second
|
Pitching: RHP Matt Zambon
|
|
Batting: RHB Kyler Seitz
|
0-0: Hit by Pitch Dave Hicks to third Danny Gelinas to second
|
Batting: LHB Spencer Palmer
|
0-0: Ball 1-0: Called Strike 1-1: Called Strike 1-2: Ball 2-2: Ball 3-2: Base on Balls Dave Hicks scores Danny Gelinas to third Kyler Seitz to second
|
Batting: LHB Barrfhionn O'Toole
|
0-0: Ball 1-0: Fly out, F8 (Flyball, 8RM, EV 90.6 MPH)
|
Batting: SHB Tim Connell
|
0-0: Foul Ball, location: 2F 0-1: Ball 1-1: Ball 2-1: Ball 3-1: Foul Ball, location: 2F 3-2: Ground out 6-3 (Groundball, 4MD, EV 103.8 MPH)
|
Bottom of the 6th over - 1 run, 1 hit, 0 errors, 3 left on base; Cleveland (WIN) 1 - Los Angeles (WIN) 1 |
TOP OF THE 7TH |
Cleveland (WIN) Indians batting - Pitching for Los Angeles (WIN) Angels : RHP Tim Mumpower
|
Batting: RHB Adam McMillen
|
0-0: Called Strike 0-1: Called Strike 0-2: Ball 1-2: Ball 2-2: Strikes out swinging
|
Pinch Hitting: SHB Jarrod Lindblad
|
0-0: Called Strike 0-1: Called Strike 0-2: Foul Ball, location: 2F 0-2: Ground out 4-3 (Groundball, 34, EV 81.9 MPH)
|
Pinch Hitting: LHB Ben Rubenacker
|
0-0: Swinging Strike 0-1: Foul Ball, location: 2F 0-2: Ball 1-2: Foul Ball, location: 2F 1-2: Ground out 4-3 (Groundball, 4M, EV 108.8 MPH)
|
Top of the 7th over - 0 runs, 0 hits, 0 errors, 0 left on base; Cleveland (WIN) 1 - Los Angeles (WIN) 1 |
BOTTOM OF THE 7TH |
Los Angeles (WIN) Angels batting - Pitching for Cleveland (WIN) Indians : RHP Matt Zambon
|
Pitching: LHP Mitch Lewis
|
|
Now at 2B: Adam McMillen
|
|
Now at SS: Javon Mitchell
|
|
Now in RF: Chris Diaz
|
|
Batting: LHB Larry Prey
|
0-0: Called Strike 0-1: Ball 1-1: Ball 2-1: Ball 3-1: Called Strike 3-2: Strikes out swinging
|
Batting: RHB Nick Lombardo
|
0-0: Ball 1-0: Ball 2-0: Ball 3-0: Called Strike 3-1: Base on Balls
|
Batting: LHB Dave Hicks
|
0-0: Called Strike 0-1: Foul Ball, location: 2F 0-2: Strikes out swinging
|
Batting: LHB Mutsuo IIda
|
0-0: Foul Ball, location: 2F 0-1: Ball 1-1: Called Strike 1-2: Strikes out swinging
|
Bottom of the 7th over - 0 runs, 0 hits, 0 errors, 1 left on base; Cleveland (WIN) 1 - Los Angeles (WIN) 1 |
TOP OF THE 8TH |
Cleveland (WIN) Indians batting - Pitching for Los Angeles (WIN) Angels : RHP Tim Mumpower
|
Batting: RHB George Wagner
|
0-0: Ball 1-0: Ball 2-0: Ball 3-0: Called Strike 3-1: Base on Balls
|
Batting: RHB Terry Baginski
|
0-0: Ball 1-0: Bunted foul 1-1: Sac Bunt to 3S - play at first, batter OUT! 3-4 George Wagner to second
|
Batting: LHB John Harring
|
0-0: Ball 1-0: Hit by Pitch
|
Batting: LHB Corey Trevor
|
0-0: Ball 1-0: Ball 2-0: TRIPLE (Line Drive, 89XD, EV 100.0 MPH) George Wagner scores John Harring scores
|
Batting: RHB Christian Blue
|
0-0: Fly out, F9 (Flyball, 9, EV 85.0 MPH) Runner from 3rd tags up, SCORES, throw by RF
|
Pitching: LHP Chris Fuller
|
|
Batting: LHB Esteban Cordova
|
0-0: Called Strike 0-1: Foul Ball, location: 2F 0-2: Ball 1-2: Ball 2-2: Ball 3-2: Base on Balls
|
Batting: RHB Adam McMillen
|
0-0: Ball 1-0: Foul Ball, location: 2F 1-1: Called Strike 1-2: Strikes out swinging
|
Top of the 8th over - 3 runs, 1 hit, 0 errors, 1 left on base; Cleveland (WIN) 4 - Los Angeles (WIN) 1 |
BOTTOM OF THE 8TH |
Los Angeles (WIN) Angels batting - Pitching for Cleveland (WIN) Indians : LHP Mitch Lewis
|
Pitching: LHP Victor Garcia
|
|
Now at 1B: Willie Gonzales
|
|
Batting: SHB Danny Gelinas
|
0-0: Fly out, F7 (Line Drive, 7, EV 90.6 MPH)
|
Batting: RHB Kyler Seitz
|
0-0: Called Strike 0-1: Ball 1-1: Foul Ball, location: 2F 1-2: Ball 2-2: Foul Ball, location: 2F 2-2: Foul Ball, location: 2F 2-2: Ball 3-2: Strikes out swinging
|
Batting: LHB Spencer Palmer
|
0-0: Ball 1-0: Ball 2-0: Called Strike 2-1: Foul Ball, location: 2F 2-2: Ground out 5-3 (Groundball, 5L, EV 83.1 MPH)
|
Bottom of the 8th over - 0 runs, 0 hits, 0 errors, 0 left on base; Cleveland (WIN) 4 - Los Angeles (WIN) 1 |
TOP OF THE 9TH |
Cleveland (WIN) Indians batting - Pitching for Los Angeles (WIN) Angels : LHP Chris Fuller
|
Batting: RHB Chris Diaz
|
0-0: Ball 1-0: SINGLE (Line Drive, 6M, EV 93.8 MPH)
|
Batting: SHB Javon Mitchell
|
0-0: Bunted foul 0-1: Sac Bunt to 2L - play at first, batter OUT! 2-3 Chris Diaz to second
|
Batting: RHB George Wagner
|
0-0: Ball 1-0: DOUBLE (Line Drive, 78M, EV 105.0 MPH) Chris Diaz scores
|
Batting: RHB Terry Baginski
|
0-0: Called Strike 0-1: Ground out U3 (Groundball, 34, EV 85.6 MPH) George Wagner to third
|
Batting: RHB Willie Gonzales
|
0-0: Ball 1-0: Called Strike 1-1: Ball 2-1: Ball 3-1: Fly out, F8 (Flyball, 8RM, EV 90.6 MPH)
|
Top of the 9th over - 1 run, 2 hits, 0 errors, 1 left on base; Cleveland (WIN) 5 - Los Angeles (WIN) 1 |
BOTTOM OF THE 9TH |
Los Angeles (WIN) Angels batting - Pitching for Cleveland (WIN) Indians : LHP Victor Garcia
|
Batting: LHB Barrfhionn O'Toole
|
0-0: Called Strike 0-1: Ball 1-1: Ball 2-1: Ball 3-1: Base on Balls
|
Batting: SHB Tim Connell
|
0-0: Ball 1-0: Swinging Strike 1-1: Swinging Strike 1-2: Foul Ball, location: 2F 1-2: Foul Ball, location: 2F 1-2: Ball 2-2: Strikes out swinging
|
Pinch Hitting: RHB Juan Rosa
|
0-0: Ball 1-0: Ball 2-0: Foul Ball, location: 2F 2-1: Called Strike 2-2: Strikes out swinging
|
Pitching: RHP Juan Flores
|
|
Batting: RHB Nick Lombardo
|
0-0: Foul Ball, location: 2F 0-1: Foul Ball, location: 2F 0-2: Ball 1-2: Foul Ball, location: 2F 1-2: Strikes out looking
|
Bottom of the 9th over - 0 runs, 0 hits, 0 errors, 1 left on base; Cleveland (WIN) 5 - Los Angeles (WIN) 1 |
|